 Dungeon Crawl Stone Soup version 0.30-b1-2-g02819fbbbe (webtiles) character file.

Game seed: 2858042160493400470

20 Alarkh the Charlatan (level 2, 23/23 HPs)
             Began as a Demonspawn Artificer on Dec 4, 2023.
             Got out of the dungeon alive.
             The game lasted 00:00:31 (228 turns).

Alarkh the Charlatan (Demonspawn Artificer)          Turns: 228, Time: 00:00:32

Health: 23/23      AC:  5    Str: 12    XL:     2   Next: 58%
Magic:  2/2        EV: 11    Int: 12    God:
Gold:   25         SH:  0    Dex: 13    Spells: 1/1 levels left

rFire   . . .        a - +0 dagger
rCold   . . .        (no shield)
rNeg    . . .        b - +0 leather armour
rPois   .            (no helmet)
rElec   .            (no cloak)
rCorr   .            (no gloves)
SInv    .            (no boots)
Will    .....        (no amulet)
Stlth   +            (no ring)
HPRegen 0.23/turn    (no ring)
MPRegen 0.08/turn

%: no passive effects
@: no status effects
A: slimy green scales 1
a: no special abilities


You escaped.
You visited 1 branch of the dungeon, and saw 1 of its levels.

You collected 25 gold pieces.

Inventory:

Hand Weapons
 a - a +0 dagger (weapon)
Armour
 b - a +0 leather armour (worn)
Magical Staves
 h - a staff of poison
Wands
 c - a wand of flame (14) (quivered)
 d - a wand of charming (15)
 e - a wand of iceblast (4)
Scrolls
 f - a scroll of torment {unknown}
 g - a scroll of fear {unknown}


   Skills:
 + Level 2.6 Fighting
 - Level 1.7 Armour
 - Level 0.8 Dodging
 - Level 0.8 Stealth
 - Level 3.0 Evocations


You had one spell level left.
You didn't know any spells.
Your spell library was empty.

Dungeon Overview and Level Annotations

Branches:
Dungeon (1/15)

Altars:


Innate Abilities, Weirdness & Mutations

You are partially covered in slimy green scales. (AC +2)


Message History

You hit the bat.
You kill the bat!
Your Fighting skill increases to level 2!
No target in view!
No target in view!
A rat, a gnoll and 2 hobgoblins come into view.
The gnoll shouts!
The hobgoblin shouts!
The hobgoblin moves out of view.
There are monsters nearby!
There are monsters nearby!
The hobgoblin shouts!
Aiming: Iceblast
Press: ? - help, Shift-Dir - straight line, f - gnoll
Aim: a gnoll, wielding a +0 club The mass of ice explodes!
The iceblast engulfs the gnoll!
The gnoll is severely wounded.
The iceblast engulfs the hobgoblin!
You kill the hobgoblin!
The iceblast engulfs the hobgoblin!!
You kill the hobgoblin!
You have reached level 2!
Your demonic ancestry asserts itself...
Slimy green scales grow over part of your body.
Aiming: Throw Flame
Press: ? - help, Shift-Dir - straight line, f/p - gnoll
Aim: a gnoll, wielding a +0 club (severely wounded, 75% to hit)
The puff of flame hits the gnoll.
You kill the gnoll!
You hit the rat.
You kill the rat!
h - a staff of poison You see here a rat corpse.
There is an open gate here.
There is a staircase leading out of the dungeon here.
Are you sure you want to leave the Dungeon?
This will make you lose the game! [Y]es or [N]o only, please.
Are you sure you want to leave the Dungeon?
This will make you lose the game! [Y]es or [N]o only, please.
Are you sure you want to leave the Dungeon?
This will make you lose the game!
You have escaped!

#.. #............#.
##. ###..............
..#..........[.#..#
#. ..............##..
...
..............###.
....##+++##.........#
##
....#.....#....######
....#.....#....#
....#..@..#....#
#...#.....#...##
#...##'''##..##
............##
#############


There were no monsters in sight!

Vanquished Creatures
  A gnoll (D:1)
  A goblin (D:1)
  2 hobgoblins (D:1)
  A quokka (D:1)
  A ball python (D:1)
  3 bats (D:1)
  A kobold (D:1)
  A rat (D:1)
11 creatures vanquished.

Notes
Turn   | Place    | Note
-------+----------+-------------------------------------------
     0 | D:1      | Alarkh the Demonspawn Artificer began the quest for the
                  | Orb.
     0 | D:1      | Reached XP level 1. HP: 15/15 MP: 1/1
   194 | D:1      | Gained mutation: You are partially covered in slimy green
                  | scales. (AC +2) [demonic ancestry]
   194 | D:1      | Reached XP level 2. HP: 22/22 MP: 2/2
   228 | D:$      | Got out of the dungeon alive.

Illustrated notes

Levels and vault maps discovered:
D:1:      dpeg_arrival_windows_large_door, layout_rooms

Skill      XL: |  1 |
---------------+----+-----
Fighting       | 2 |  2.6
Armour         | |  1.7
Dodging        | |  0.8
Stealth        | |  0.8
Evocations     | |  3.0

Action                     || total
---------------------------++-------
  Melee: Club              ||    22
         Dagger            ||    14
  Evoke: Wand              ||     2
 Armour: Leather armour    ||    20
  Dodge: Dodged            ||    23
